 Dungeon Crawl Stone Soup version 0.30-b1-2-g02819fbbbe (webtiles) character file.

Game seed: 1557736610223006973

39 redmage the Digger (level 3, -2/26 HPs)
             Began as a Meteoran Earth Elementalist on Aug 4, 2023.
             Slain by a river rat (4 damage)
             ... in a sewer.
             The game lasted 00:02:58 (275 turns).

redmage the Digger (Meteoran Earth Elementalist)     Turns: 275, Time: 00:02:58

Health: -2/26      AC:  2    Str: 10    XL:     3   Next: 97%
Magic:  0/8        EV:  9    Int: 18    God:
Gold:   17         SH:  0    Dex: 14    Spells: 2/8 levels left

rFire   . . .        (no weapon)
rCold   . . .        (no shield)
rNeg    . . .        a - +0 robe
rPois   .            (no helmet)
rElec   .            (no cloak)
rCorr   .            (no gloves)
SInv    .            (no boots)
Will    .....        (no amulet)
Stlth   +            (no ring)
HPRegen 0.24/turn    (no ring)
MPRegen 0.11/turn

%: no passive effects
@: glowing, constricted
A: sense surroundings 1, otherworldly, glowing, explore regen
a: no special abilities


You were in a sewer.
You visited 1 branch of the dungeon, and saw 5 of its levels.
You also visited: Sewer.

You collected 17 gold pieces.

Inventory:

Armour
 a - a +0 robe (worn)
Potions
 b - a potion of magic
 c - a potion of heal wounds {unknown}
 d - a potion of might {unknown}


   Skills:
 - Level 2.5 Dodging
 - Level 1.4 Stealth
 - Level 3.0 Spellcasting
 * Level 1.4 Conjurations
 - Level 1.8 Transmutations
 * Level 4.4 Earth Magic


You had 2 spell levels left.
You knew the following spells:

 Your Spells              Type           Power      Damage    Failure   Level
a - Sandblast             Erth           36%        2d10      2%          1
b - Passwall              Tmut/Erth      11%        N/A       7%          2
c - Stone Arrow           Conj/Erth      26%        3d8       14%         3

Your spell library contained the following spells:

 Spells                   Type           Power      Damage    Failure   Level
 Petrify                  Tmut/Erth      14%        N/A       41%         4


Dungeon Overview and Level Annotations

Branches:
Dungeon (5/15) Zot: 2743    Sewer (1/1) Zot: 560
 Temple: D:4-7

Altars:


Innate Abilities, Weirdness & Mutations

You passively map a small area around you.
You are easily found by Zot.
You glow in the dark.
You regain HP and MP as you explore.


Message History

The blast of sand hits the river rat but does no damage.
The ball python barely misses you. The ball python closely misses you.
The river rat misses you. The ball python closely misses you. x2
Unknown command.
Casting: Sandblast (safe; 2% risk of failure)
Confirm with . or Enter, or press ? or * to list all spells.
Aiming: Sandblast (safe; 2% risk of failure)
Press: ? - help, Shift-Dir - straight line, f/p - river rat
Aim: a river rat (80% to hit)
The blast of sand hits the river rat but does no damage.
The river rat bites you.
* * * LOW HITPOINT WARNING * * *
The ball python bites you.
* * * LOW HITPOINT WARNING * * *
The ball python misses you.
The river rat bites you but does no damage.
The ball python closely misses you. The ball python completely misses you.
Casting: Sandblast (safe; 2% risk of failure)
Confirm with . or Enter, or press ? or * to list all spells.
Aiming: Sandblast (safe; 2% risk of failure)
Press: ? - help, Shift-Dir - straight line, f/p - river rat
Aim: a river rat (80% to hit)
The blast of sand hits the river rat but does no damage.
The ball python closely misses you. The ball python barely misses you.
The river rat misses you.
Unknown command.
Casting: Sandblast (safe; 2% risk of failure)
Confirm with . or Enter, or press ? or * to list all spells.
Aiming: Sandblast (safe; 2% risk of failure)
Press: ? - help, Shift-Dir - straight line, f/p - river rat
Aim: a river rat (80% to hit)
The blast of sand hits the river rat.
The river rat is moderately wounded.
The ball python closely misses you. The ball python grabs you.
The ball python constricts you.
The river rat bites you but does no damage.
The ball python completely misses you. The ball python constricts you.
* * * LOW HITPOINT WARNING * * *
The river rat bites you.
You die...

** , * ########### ,
* #..~.....~. *
#.~~.S...~.
#Sr######## ~ #.@#
####### * ~ #~.#
#≈≈≈≈≈# ,
**#.~#########≈.∩.≈#
* #...~..†.~.~...~≈#
#.....~~.~......≈# *
############≈.∩~≈# *
#≈≈≈≈≈# ####### *


You could see a river rat and a ball python.

Vanquished Creatures
  2 adders
  A river rat (Sewer)
  A ball python (D:2)
  A bat (D:1)
  A giant cockroach (Sewer)
  3 goblins
  A hobgoblin (D:2)
  2 kobolds
  A rat (D:2)
13 creatures vanquished.

Vanquished Creatures (others)
  A plant (D:2)
1 creature vanquished.

Grand Total: 14 creatures vanquished

Notes
Turn   | Place    | Note
-------+----------+-------------------------------------------
     0 | D:1      | redmage the Meteoran Earth Elementalist began the quest for
                  | the Orb.
     0 | D:1      | Reached XP level 1. HP: 14/14 MP: 5/5
    56 | D:2      | Reached XP level 2. HP: 20/20 MP: 4/6
    61 | D:2      | Reached skill level 4 in Earth Magic
    63 | D:2      | Reached XP level 3. HP: 9/26 MP: 0/8
    72 | D:2      | Learned a level 2 spell: Passwall
    76 | D:2      | Learned a level 3 spell: Stone Arrow
   169 | D:5      | Entered Level 5 of the Dungeon
   236 | D:4      | Found a glowing drain.
   238 | D:4      | Reached skill level 1 in Conjurations
   246 | Sewer    | Entered a sewer
   275 | Sewer    | Slain by a river rat

Illustrated notes

Levels and vault maps discovered:
D:1:      dpeg_arrival_simpleton_a, layout_loops_ring,
          corexii_item_surrounded_by_moat, nicolae_shop_unique_rings,
          minmay_vboxes
D:2:      minmay_diamond_boxcup, layout_loops_cross, serial_forest,
          infiniplex_forest_clump_double, infiniplex_forest_clump_tiny,
          infiniplex_forest_clump_curved, infiniplex_forest_clump_large,
          infiniplex_forest_clump_small, st_stairs_10, grunt_decor_one_mirror,
          uniq_crazy_yiuf_cottage
D:3:      layout_basic, trog_butcher_becter
D:4:      layout_basic, portal_sewer_entry_d
D:5:      layout_gridville, minmay_checkerbox, uniq_ijyb, uniq_edmund
Sewer:    sewer_hellmonk_slimy_pipes

Skill      XL: |  1  2  3 |
---------------+----------+-----
Spellcasting   | 3 |  3.0
Earth Magic    | 4 |  4.4
Conjurations   | 1 |  1.4
Dodging        | |  2.5
Stealth        | |  1.4
Transmutations | |  1.8

Action                     || total
---------------------------++-------
  Melee: Unarmed           ||     3
   Cast: Sandblast         ||    24
    Use: Scroll            ||     1
 Armour: Robe              ||     6
  Dodge: Dodged            ||    37
